 Dungeon Crawl Stone Soup version 0.30.0 (webtiles) character file.

Game seed: 14641940388284401932

75 zlionsfan the Ruffian (level 4, -5/23 HPs)
             Began as a Gargoyle Transmuter on May 6, 2023.
             Was a Believer of Hepliaklqana.
             Slain by an ogre
             ... wielding a +0 giant spiked club
              (19 damage)
             ... on level 3 of the Dungeon.
             The game lasted 00:05:49 (1591 turns).

zlionsfan the Ruffian (Gargoyle Transmuter)         Turns: 1591, Time: 00:05:51

Health: -5/23      AC:  5    Str: 16    XL:     4   Next: 31%
Magic:  7/7        EV: 12    Int: 13    God:    Hepliaklqana [**....]
Gold:   193        SH:  0    Dex: 10    Spells: 4/8 levels left

rFire   . . .        d - +1 whip (venom)
rCold   . . .        (no shield)
rNeg    + . .        a - +0 robe
rPois   ∞            (helmet currently unavailable)
rElec   +            (no cloak)
rCorr   .            (no gloves)
SInv    .            (boots currently unavailable)
Will    .....        (no amulet)
Stlth   +            (no ring)
HPRegen 0.23/turn    (no ring)
MPRegen 0.10/turn

%: no passive effects
@: appendages (expiring)
A: horns 2, talons 2, reduced essence, sickness immunity, AC +3, negative energy
resistance 1, electricity resistance, torment resistance 1, petrification
resistance
a: End Transformation, Renounce Religion, Recall Ancestor, Ancestor Identity


You were on level 3 of the Dungeon.
You worshipped Hepliaklqana.
Hepliaklqana was pleased with you.
You had temporarily grown beastly horns and talons.
You visited 1 branch of the dungeon, and saw 3 of its levels.

You collected 193 gold pieces.

Inventory:

Hand Weapons
 d - a +1 whip of venom (weapon)
Armour
 a - a +0 robe (worn)
Jewellery
 g - a ring of resist corrosion
Scrolls
 e - a scroll of teleportation {unknown}
 i - a scroll of vulnerability {unknown}
 m - a scroll of enchant armour {unknown}
 n - a scroll of fear {unknown}
Potions
 b - a potion of lignification
 c - a potion of flight {unknown}
 f - a potion of ambrosia {unknown}
 h - a potion of heal wounds {unknown}
 j - a potion of resistance {unknown}
 k - a potion of curing {unknown}
 l - a potion of berserk rage {unknown}


   Skills:
 * Level 1.8 Fighting
 * Level 1.2 Maces & Flails
 + Level 1.9 Dodging
 + Level 3.4 Unarmed Combat
 * Level 2.5 Spellcasting
 * Level 2.1 Transmutations


You had 4 spell levels left.
You knew the following spells:

 Your Spells              Type           Power      Damage    Failure   Level
a - Beastly Appendage     Tmut           14%        N/A       10%         1
b - Wereblood             Tmut           7%         N/A       16%         2
c - Sting                 Tmut/Pois      16%        1d3       16%         1

Your spell library contained the following spells:

 Spells                   Type           Power      Damage    Failure   Level
 Poisonous Vapours        Pois/Air       2%         N/A       36%         2
 Spider Form              Tmut/Pois      4%         N/A       43%         3
 Ice Form                 Ice/Tmut       4%         N/A       83%         4
 Olgreb's Toxic Radiance  Pois           1%         N/A       94%         4
 Summon Hydra             Summ           0%         N/A       100%        7
 Sublimation of Blood     Necr           Unusable   N/A       N/A         2

Dungeon Overview and Level Annotations

Branches:
Dungeon (3/15)

Altars:
Hepliaklqana


Innate Abilities, Weirdness & Mutations

You have temporarily grown beastly horns and talons.
Your life essence is reduced to manifest your ancestor. (-10% HP)
You are immune to sickness and miasma.
Your stone body is resilient. (AC +3)
You are immune to poison.
You resist negative energy. (rN+)
You are resistant to electric shocks. (rElec)
You are resistant to unholy torment.
You are immune to petrification.


Message History

You barely miss the adder. Your kick misses the adder.
Your headbutt misses the adder.
The adder is severely wounded.
The adder barely misses you.
The ball python bites you but does no damage.
The ball python barely misses you.
You completely miss the adder. Your kick misses the adder.
Your headbutt misses the adder. Your punch misses the adder.
The adder is severely wounded.
Your transformation is almost over.
The adder bites you but does no damage.
The ball python bites you but does no damage.
The ball python grabs you. The ball python constricts you. The adder bites you.
You hit the adder.
The adder is poisoned.
Your kick misses the adder. You headbutt the adder.
You kill the adder!
The ball python bites you but does no damage.
The ball python constricts you.
The kobold hits you with a +0 short sword of flaming.
The kobold burns you. The ball python bites you.
The ball python constricts you.
You escape the ball python's grasp.
The ogre attacks as you move away! The ogre barely misses you.
Found a stone staircase leading down.
Mirna emerges from the mists of memory!
You see here a ring of resist corrosion.
g - a ring of resist corrosion The kobold hits you but does no damage.
Mirna points at the kobold and mumbles some strange words.
The kobold resists with significant effort.
A kobold comes into view. It is wielding a +0 club.
Mirna hits the kobold with a +0 dagger of draining.
The kobold dies!
You barely miss the ogre. You claw the ogre. You headbutt the ogre.
The ogre is lightly wounded.
The kobold shouts!
The kobold throws a stone.
The stone hits you but does no damage.
Mirna completely misses the ogre.
The ogre hits you with a +0 giant spiked club!!
Ouch! That really hurt!
You die...

........K..............>
##......................
........^...............
...........g......#.....
..........##......#.....
.###......##......#.....
#....#####.r....#.....
.##........#..>...#....#
.......@S.r##.........##
.......RO..g............
K.......#...............
....#...#...............
.##....................)
..............##.......
..............##.......
..............######...
......>..###### #..<


You could see the friendly Mirna the hexer, an ogre (ally target), a hobgoblin,
a ball python, a kobold and a rat.

Vanquished Creatures
  3 adders
  A dart slug (D:1)
  2 endoplasms
  2 giant cockroaches (D:1)
  2 goblins
  A hobgoblin (D:1)
  5 kobolds
  5 quokkas
  6 ball pythons
  5 bats
  3 frilled lizards
  A rat (D:2)
36 creatures vanquished.

Vanquished Creatures (collateral kills)
  A dart slug (D:2)
  An endoplasm (D:2)
  A kobold (D:3)
  A quokka (D:2)
  A ball python (D:2)
  A bat (D:2)
  2 frilled lizards (D:2)
8 creatures vanquished.

Vanquished Creatures (others)
  An ancestor (D:3)
  7 plants (D:2)
8 creatures vanquished.

Grand Total: 52 creatures vanquished

Notes
Turn   | Place    | Note
-------+----------+-------------------------------------------
     0 | D:1      | zlionsfan the Gargoyle Transmuter began the quest for the
                  | Orb.
     0 | D:1      | Reached XP level 1. HP: 12/12 MP: 3/3
    19 | D:1      | Reached XP level 2. HP: 8/16 MP: 5/5
    59 | D:1      | Learned a level 2 spell: Wereblood
   505 | D:1      | Reached XP level 3. HP: 14/20 MP: 4/6
   716 | D:2      | Found a faded altar of an unknown god.
   722 | D:2      | Prayed at the altar of an unknown god.
   722 | D:2      | Became a worshipper of Hepliaklqana the Forgotten
   722 | D:2      | Reached * piety under Hepliaklqana
  1256 | D:2      | Learned a level 1 spell: Sting
  1330 | D:2      | Reached skill level 1 in Maces & Flails
  1333 | D:2      | Reached XP level 4. HP: 23/23 MP: 7/7
  1527 | D:3      | Noticed an ogre
  1530 | D:3      | Reached ** piety under Hepliaklqana
  1539 | D:3      | Remembered your ancestor Mirna as a hexer
  1591 | D:3      | Slain by an ogre

Illustrated notes

Levels and vault maps discovered:
D:1:      grunt_arrival_lava_bath, layout_rooms, amcnicky_mini_corridor_feature
D:2:      layout_basic, serial_forest, infiniplex_forest_clump_long,
          infiniplex_forest_clump_small, infiniplex_forest_straight_3,
          infiniplex_forest_end_2, infiniplex_forest_zigzag_2,
          infiniplex_forest_end_1, chequers_ecumenical_altar_lobes
D:3:      layout_basic, dreamdust_wishing_well, chequers_jeans, uniq_natasha

Skill      XL: |  1  2  3 |
---------------+----------+-----
Transmutations | 2 |  2.1
Maces & Flails | 1 |  1.2
Fighting       | |  1.8
Dodging        | |  1.9
Unarmed Combat | |  3.4
Spellcasting   | |  2.5

Action                     |  1- 3 |  4- 6 || total
---------------------------+-------+-------++-------
  Melee: Unarmed           |    11 |       ||    11
         Kick              |    15 |     3 ||    18
         Headbutt          |     4 |     2 ||     6
         Whip              |    79 |    13 ||    92
         Punch             |     3 |       ||     3
   Cast: Beastly Appendage |    18 |     3 ||    21
 Invoke: Ancestor Life: He |       |     1 ||     1
    Use: Scroll            |       |     2 ||     2
 Armour: Robe              |    41 |    11 ||    52
  Dodge: Dodged            |    81 |    20 ||   101
